 Dungeon Crawl Stone Soup version 0.31.0-1-g2c135a008e (webtiles) character file.

Game seed: 6886908250452443845

304 qw the Shooter (level 6, -3/47 HPs)
             Began as a Djinni Hunter on Jan 23, 2024.
             Slain by a scorpion (4 damage)
             ... on level 3 of the Dungeon.
             The game lasted 00:00:11 (2418 turns).

qw the Shooter (Djinni Hunter)                      Turns: 2418, Time: 00:00:12

Health: -3/47      AC:  4    Str: 10    XL:     6   Next: 66%
Gold:   52         EV: 13    Int: 11    God:
                   SH:  0    Dex: 18

rFire   + + .        a - +0 shortbow
rCold   x . .        (shield currently unavailable)
rNeg    . . .        c - +0 leather armour
rPois   inf          (no helmet)
rElec   .            (no cloak)
rCorr   .            e - +0 pair of gloves
SInv    .            (boots unavailable)
Will    .....        (no amulet)
Stlth   ++           (no ring)
HPRegen 0.27/turn    (no ring)
MPRegen 0.00/turn

%: infuse magic (-4 HP)
@: flying
A: sickness immunity, fire resistance 2, cold vulnerability 1, float, innate
caster, HP casting, extra vitality 1
a: no special abilities


You were on level 3 of the Dungeon.
You visited 1 branch of the dungeon, and saw 4 of its levels.

You collected 52 gold pieces.


Innate Abilities, Weirdness & Mutations

You are immune to sickness and miasma.
You are immune to poison.
Your flesh is very heat resistant. (rF++)
You are vulnerable to cold. (rC-)
You float through the air rather than walking.
You learn spells naturally, not from books.
Your magical power is your life essence.
You have superior vitality. (+4 MHP)


   Skills:
 - Level 4.0 Fighting
 + Level 5.0 Ranged Weapons
 - Level 1.0 Armour
 - Level 3.1 Dodging
 - Level 0.7 Stealth


You knew the following spells:

 Your Spells              Type           Power      Damage    Failure   Level
a - Magic Dart            Conj           0%         1d3       43%         1
b - Lesser Beckoning      Tloc           0%         N/A       58%         2
Your spell library was empty.

Inventory:

Hand Weapons
 a - a +0 shortbow (weapon)
Armour
 c - a +0 leather armour (worn)
 e - a +0 pair of gloves (worn)
Potions
 b - a potion of cancellation
 d - a potion of curing {unknown}
 f - a potion of magic {unknown}
 g - a potion of enlightenment {unknown}

Dungeon Overview and Level Annotations

Branches:
Dungeon (4/15)
 Temple: D:4-7

Altars:
Ashenzari

Shops:
D:2 :

Annotations:
D:1 2 transporters


Message History

The orc priest hits you with a +0 flail!
The scorpion stings you.
You fly upwards.
There is a stone staircase leading down here.
You shoot an arrow. The arrow hits the orc priest.
The orc priest is lightly wounded.
The orc priest barely misses you.
The scorpion stings you but does no damage.
The orc priest barely misses you.
You shoot an arrow. The arrow hits the orc priest.
The orc priest is moderately wounded.
The scorpion stings you.
The orc priest mumbles some strange prayers to Beogh against you.
Beogh smites you! The scorpion closely misses you.
You shoot an arrow. The arrow hits the orc priest!
You kill the orc priest!
The scorpion barely misses you.
Your Fighting skill increases to level 4!
You shoot an arrow. The arrow barely misses the scorpion.
The scorpion stings you but does no damage.
The scorpion closely misses you.
You shoot an arrow. The arrow barely misses the scorpion.
The scorpion stings you.
You shoot an arrow. The arrow hits the scorpion!
The scorpion is moderately wounded.
The scorpion stings you.
You shoot an arrow.
The arrow hits the scorpion but does no damage.
The scorpion is moderately wounded.
The scorpion stings you. x2
You shoot an arrow. The arrow hits the scorpion.
The scorpion is severely wounded.
The scorpion stings you but does no damage.
You shoot an arrow.
The arrow hits the scorpion but does no damage.
The scorpion is severely wounded.
The scorpion stings you.
You shoot an arrow. The arrow closely misses the scorpion.
The scorpion stings you. x2
You die...

#...........:...#................
#########.......##.########.##.#.
##.#######.# #.##.#. ####### #.#
#.########.##.## ......# #.#
#.##............ .####.####.#
#.##.#####.##.## .##........#
####.##.# #.##.##
.#.....########..s.##.#####.##.##
.#..#..........)@)..........##.##
.#..#..########.#####..###..##.##
.#..#..########........# #..##.##
.#..#..............##..###.###.##
.#..#.#####.###..#.##..........##
......# #.# #..#.##.##..#######
#..##.# #.###..#.##.##..#######
#.)##.# #.##.#.#.##..).........
#..##.# #.#.###......##.#######


You could see a scorpion.

Vanquished Creatures
  A howler monkey (D:3)
  An orc priest (D:3)
  7 adders
  9 gnolls
  A white imp (D:3)
  2 dart slugs
  3 ribbon worms (D:2)
  5 orcs (D:3)
  3 endoplasms (D:2)
  2 giant cockroaches
  5 goblins
  3 hobgoblins (D:1)
  3 jackals (D:1)
  4 quokkas
  7 ball pythons
  6 bats
  A frilled lizard (D:2)
  7 kobolds
  5 rats
75 creatures vanquished.

Notes
Turn   | Place    | Note
-------+----------+-------------------------------------------
     0 | D:1      | qw the Djinni Hunter began the quest for the Orb.
     0 | D:1      | Reached XP level 1. HP: 18/18 MP: 0/0
     0 | D:1      | 0 ||| qw: Version: 0.3-a-134-g2ba4250
     0 | D:1      | 0 ||| qw: Game counter: 741
     0 | D:1      | 0 ||| qw: Melee chars always use a shield: true
     0 | D:1      | 0 ||| qw: God list: Okawaru
     0 | D:1      | 0 ||| qw: Allow faded altars: false
     0 | D:1      | 0 ||| qw: Do Orc after clearing Dungeon:15 true
     0 | D:1      | 0 ||| qw: Do second Lair branch before Depths: true
     0 | D:1      | 0 ||| qw: Lair rune preference: random
     0 | D:1      | 0 ||| qw: Goals: Normal
     0 | D:1      | 0 ||| PLANNING D:1-11
     8 | D:1      | Reached XP level 2. HP: 23/23 MP: 0/0
   230 | D:1      | Reached XP level 3. HP: 28/28 MP: 0/0
   230 | D:1      | Learned a level 1 spell: Magic Dart
   232 | D:1      | Reached skill level 4 in Ranged Weapons
   528 | D:1      | 528 ||| READING scroll labelled ILOKAF CILUPS.
   529 | D:1      | 529 ||| READING scroll labelled TAOLIKHENN.
   530 | D:1      | 530 ||| READING scroll labelled LEGOTO HEUV.
   531 | D:1      | 531 ||| DRINKING 2 lumpy cyan potions.
   532 | D:1      | 532 ||| DROPPING scroll of butterflies.
   599 | D:2      | Found Boroq's Book Shoppe.
   621 | D:2      | Reached skill level 3 in Fighting
   621 | D:2      | Reached XP level 4. HP: 35/35 MP: 0/0
   704 | D:2      | Reached skill level 3 in Dodging
   729 | D:2      | 729 ||| RETREEEEATING.
   736 | D:2      | HP: 7/35 [gnoll/+0 club (6)]
   736 | D:2      | HP: 3/35 [gnoll/+0 club (4)]
   737 | D:2      | Reached XP level 5. HP: 3/40 MP: 0/0
   737 | D:2      | Learned a level 2 spell: Lesser Beckoning
   737 | D:2      | 737 ||| DRINKING potion of heal wounds.
   743 | D:2      | HP: 10/40 [gnoll/+0 club (4)]
  1356 | D:2      | 1356 ||| UPGRADING to +0 pair of gloves.
  1361 | D:2      | 1361 ||| READING scroll labelled BIMAPSE LESCHO.
  1429 | D:3      | Found a broken altar of Ashenzari.
  1465 | D:3      | 1465 ||| FLEEEEING.
  1466 | D:3      | 1466 ||| FLEEEEING.
  1471 | D:3      | Reached XP level 6. HP: 19/46 MP: 0/0
  1606 | D:3      | Reached skill level 5 in Ranged Weapons
  2191 | D:3      | 2191 ||| DRINKING 2 golden potions.
  2212 | D:4      | 2212 ||| STAIRDANCE
  2223 | D:3      | Reached skill level 1 in Armour
  2242 | D:4      | 2242 ||| STAIRDANCE
  2346 | D:4      | 2346 ||| STAIRDANCE
  2380 | D:4      | 2380 ||| STAIRDANCE
  2393 | D:4      | 2393 ||| STAIRDANCE
  2407 | D:4      | 2407 ||| STAIRDANCE
  2415 | D:3      | HP: 9/47 [scorpion (3)]
  2418 | D:3      | HP: 1/47 [scorpion (5)]
  2418 | D:3      | Slain by a scorpion

Levels and vault maps discovered:
D:1:      spicycebolla_arrival_transporter_tutorial, layout_basic,
          chequers_mini_garden
D:2:      layout_loops_ring, serial_shops, nicolae_book_shop_shelving
D:3:      layout_loops_ring, nicolae_overflow_crystal_walls
D:4:      kennysheep_six_static_rooms, layout_rooms, fiery_altar_vehumet,
          mainiacjoe_overflow_small_starburst, wad_floor_pattern_1,
          grunt_ministairs_9, hangedman_decor_points

Skill      XL: |  1  2  3  4  5  6 |
---------------+-------------------+-----
Ranged Weapons | 4 5 |  5.0
Fighting       | 3 4 |  4.0
Dodging        | 3 |  3.1
Armour         | 1 |  1.0
Stealth        | |  0.7

Action                     |  1- 3 |  4- 6 || total
---------------------------+-------+-------++-------
   Fire: Shortbow          |    67 |   196 ||   263
    Use: Scroll            |     3 |     1 ||     4
         Potion            |     1 |     2 ||     3
 Armour: Leather armour    |     7 |    94 ||   101
  Dodge: Dodged            |    12 |   105 ||   117

Table legend:
 A = Non-vault XP
 B = Vault XP
 C = Vault XP percentage of total XP
 D = Non-vault monster count
 E = Vault monster count
 F = Vault count percentage of total count
                 A         B        C        D         E       F
            +---------+---------+-------+---------+---------+-------
      Total |     432 |       3 |   0.7 |      74 |       1 |   1.3
            +---------+---------+-------+---------+---------+-------
        D:1 |      53 |       0 |   0.0 |      23 |       0 |   0.0
        D:2 |     166 |       0 |   0.0 |      30 |       0 |   0.0
        D:3 |     213 |       3 |   1.4 |      21 |       1 |   4.5
            +---------+---------+-------+---------+---------+-------
